 Dungeon Crawl Stone Soup version 0.23-a0-712-g3a644c0 (webtiles) character file.

11584 nikopol the Cleaver (level 11, -3/97 HPs)
             Began as a Minotaur Berserker on Jan 15, 2019.
             Was a High Priest of Trog.
             Slain by a phantasmal warrior (26 damage)
             ... led by a death knight
             ... on level 10 of the Dungeon.
             The game lasted 00:29:51 (13238 turns).

nikopol the Cleaver (Minotaur Berserker)           Turns: 13238, Time: 00:29:53

Health: -3/97      AC: 12    Str: 24    XL:     11   Next: 51%
Magic:  10/10      EV: 13    Int:  4    God:    Trog [*****.]
Gold:   842        SH:  0    Dex: 11    Spells: 10/10 levels left

rFire    . . .     SeeInvis .   a - +4 war axe
rCold    . . .     Gourm    .   (no shield)
rNeg     . . .     Faith    .   g - +0 ring mail
rPois    .         Spirit   .   (helmet restricted)
rElec    .         Reflect  .   l - +1 cloak
rCorr    .         Harm     .   E - +2 pair of gloves
MR       +....                  (no boots)
Stlth    +.........             (no amulet)
HPRegen  0.26/turn              C - ring of protection from magic
MPRegen  0.12/turn              (no ring)

@: berserk cooldown, slowed, very slow
A: retaliatory headbutt, horns 2
a: Berserk, Trog's Hand, Brothers in Arms, Renounce Religion


You were on level 10 of the Dungeon.
You worshipped Trog.
Trog was extremely pleased with you.
You were near starving.

You visited 1 branch of the dungeon, and saw 11 of its levels.
You also visited: Ossuary and Bailey.

You collected 842 gold pieces.

Inventory:

Hand Weapons
 a - a +4 war axe (weapon)
 b - a +0 hand axe
 z - a +1 shortbow of freezing
 G - a +0 war axe
Missiles
 e - 128 arrows
Armour
 g - a +0 ring mail (worn)
 l - a +1 cloak (worn)
 E - a +2 pair of gloves (worn)
Jewellery
 C - a ring of protection from magic (left hand)
 H - an uncursed amulet of faith {unknown}
 I - a +3 ring of evasion {unknown}
Wands
 x - a wand of flame (27)
 y - a wand of paralysis (7)
 A - a wand of disintegration (13)
 B - a wand of enslavement (11)
Scrolls
 d - 8 scrolls of teleportation
 k - 3 scrolls of remove curse
 p - 2 scrolls of identify
 q - a scroll of blinking {unknown}
 r - 3 scrolls of fear {unknown}
 F - a scroll of torment {unknown}
Potions
 f - 3 potions of heal wounds
 h - 4 potions of might
 i - a potion of berserk rage
 j - 2 potions of flight
 m - 4 potions of curing
 n - a potion of agility
 o - 3 potions of ambrosia
 s - a potion of invisibility {unknown}
 t - 5 potions of mutation
 u - a potion of magic {unknown}
 v - 4 potions of haste
 w - a potion of degeneration {unknown}
 D - a potion of lignification {unknown}
Comestibles
 c - 18 rations


   Skills:
 + Level 9.5 Fighting
 * Level 13.1 Axes
 * Level 10.2 Bows
 + Level 8.8 Armour
 + Level 5.7 Dodging
 + Level 1.8 Stealth


You had 10 spell levels left.
You didn't know any spells.
Your spell library was empty.

Dungeon Overview and Level Annotations

Branches:
Dungeon (11/15)            Temple (0/1) D:4            Lair (0/6) D:10
    Orc: D:9-12

Altars:
Ashenzari
Dithmenos
Elyvilon
Kikubaaqudgha
Okawaru
Qazlal
Sif Muna
Trog
Uskayaw
Vehumet
Zin
The Shining One

Shops:
D:5 :   D:6 *   D:7 (   D:8 [[

Annotations:
D:11 Harold


Innate Abilities, Weirdness & Mutations

You reflexively headbutt those who attack you in melee.
You have a pair of horns on your head.


Message History

You slash the purple ugly thing!
Your headbutt misses the purple ugly thing.
The purple ugly thing is almost dead.
You slash the phantasmal warrior! You slash the death knight!
You kill the death knight!
Trog accepts your kill.
Your damage is reflected back at you!
* * * LOW HITPOINT WARNING * * *
The purple ugly thing barely misses you.
You furiously retaliate!
You headbutt the purple ugly thing!
You kill the purple ugly thing!
Trog accepts your kill.
Your Axes skill increases to level 13!
The phantasmal warrior closely misses you.
You barely miss the phantasmal warrior.
The phantasmal warrior is moderately damaged.
The phantasmal warrior hits you.
* * * LOW HITPOINT WARNING * * *
The phantasmal warrior hits you!!
You die...

####......##..#.# #......≈##)#
...#......##..#.# #.#.##.≈#)..
##.#............# #.#.##.≈#.∩.
..............########.#.##.≈#...
##.#......#..........#.#....≈####
#.######.#..#######.#.#..#.≈≈≈≈≈
##.#.........# #.#.#..#.....(
.............#######.#.#..#..#.<#
................@†#.......#.##..#
##.#.#......#.#.)W#.......#.##..#
.....#......#.#...#.........##..#
.....#......#..#.###.###..#.##..#
......<..............# #..#######
.....#.....###.#.##### #..# #
.................# #..# #
....#########....# #####..##### #
....# ######....# #..........# #


You could see a phantasmal warrior.

Vanquished Creatures
  A death knight (D:10)
  2 two-headed ogres
  3 orc knights (Bailey)
  2 ugly things
  Joseph (D:7)
  A queen bee (D:9)
  A shadow (D:10)
  6 yaks (D:9)
  A wyvern (D:8)
  3 steam dragons (D:9)
  A water moccasin (D:9)
  A black bear (D:6)
  7 orc warriors
  2 phantoms
  2 ice beasts
  7 ogres
  2 centaurs
  A big kobold (D:8)
  An elf zombie (D:6)
  4 elf skeletons (D:6)
  4 bullfrogs
  3 scorpions
  24 killer bees
  3 howler monkeys
  4 wights (D:7)
  3 electric eels (D:10)
  A bullfrog zombie (D:4)
  3 crimson imps
  A quasit (D:4)
  8 hounds
  A jelly (D:9)
  An orc priest (D:6)
  A bullfrog skeleton (D:4)
  2 centaur skeletons
  2 human skeletons (D:6)
  2 iguanas
  4 orc wizards
  10 worker ants
  3 hound skeletons
  8 mummies (Ossuary)
  8 gnolls
  7 adders
  A shadow imp (D:8)
  An ooze (D:1)
  An adder skeleton (D:4)
  A worm (D:5)
  A dart slug (D:2)
  4 leopard geckos
  28 orcs
  7 giant cockroaches
  8 hobgoblins
  3 jackals
  5 quokkas
  A ball python (D:1)
  8 bats
  3 frilled lizards
  3 gnoll zombies (Ossuary)
  13 goblins
  A hobgoblin zombie (Ossuary)
  2 jackal skeletons
  24 kobolds
  3 kobold zombies (Ossuary)
  3 orc skeletons (D:6)
  2 orc zombies
  A quokka skeleton (D:6)
  13 rats
  A fungus (D:9)
290 creatures vanquished.

Vanquished Creatures (others)
  A bullfrog (D:7)
  A howler monkey skeleton (D:7)
  A fungus (D:9)
3 creatures vanquished.

Grand Total: 293 creatures vanquished

Notes
Turn   | Place    | Note
-------+----------+-------------------------------------------
     0 | D:1      | nikopol the Minotaur Berserker began the quest for the Orb.
     0 | D:1      | Reached XP level 1. HP: 19/19 MP: 0/0
   507 | D:1      | Reached skill level 4 in Axes
   514 | D:1      | Reached XP level 2. HP: 27/27 MP: 1/1
   813 | D:1      | Reached XP level 3. HP: 33/33 MP: 2/2
  1370 | D:2      | Reached ** piety under Trog
  1422 | D:2      | Found a faded altar of an unknown god.
  1847 | D:3      | Reached skill level 5 in Axes
  1847 | D:3      | Reached XP level 4. HP: 28/41 MP: 3/3
  1900 | D:3      | Found an ancient bone altar of Kikubaaqudgha.
  2009 | D:3      | Reached XP level 5. HP: 46/47 MP: 4/4
  2164 | D:3      | Found a shattered altar of Ashenzari.
  2218 | D:3      | Found a glowing golden altar of the Shining One.
  2459 | D:4      | Noticed an ogre
  2477 | D:4      | Reached skill level 6 in Axes
  2477 | D:4      | Reached XP level 6. HP: 53/55 MP: 5/5
  2479 | D:4      | Reached skill level 5 in Fighting
  2969 | D:4      | Found a staircase to the Ecumenical Temple.
  3092 | D:4      | Reached *** piety under Trog
  3462 | D:5      | Entered Level 5 of the Dungeon
  3554 | D:4      | Reached XP level 7. HP: 49/61 MP: 6/6
  3561 | D:4      | Reached skill level 7 in Axes
  3855 | D:5      | Reached skill level 5 in Armour
  5197 | D:5      | Found Qetill's Book Shop.
  5565 | D:6      | Found a glowing silver altar of Zin.
  5598 | D:6      | Reached skill level 1 in Stealth
  5609 | D:6      | Found Kake's Assorted Antiques.
  5639 | D:6      | Reached XP level 8. HP: 64/70 MP: 7/7
  5720 | D:6      | Reached skill level 8 in Axes
  5724 | D:6      | Found a sand-covered staircase.
  5734 | Ossuary  | Entered an ossuary
  6434 | D:6      | Found a shadowy altar of Dithmenos.
  6559 | D:6      | Found a bloodstained altar of Trog.
  6574 | D:6      | Reached skill level 9 in Axes
  6607 | D:6      | Reached skill level 5 in Dodging
  7609 | D:7      | Found Agrolipt's Weapon Shoppe.
  7768 | D:7      | Reached skill level 1 in Bows
  7768 | D:7      | Reached XP level 9. HP: 78/78 MP: 8/8
  7797 | D:7      | Noticed Joseph
  7806 | D:7      | Reached **** piety under Trog
  7810 | D:7      | Killed Joseph
  8065 | D:7      | Reached skill level 10 in Axes
  8468 | D:7      | Found a radiant altar of Vehumet.
  8779 | D:8      | Found a bloodstained altar of Trog.
  8797 | D:8      | Reached skill level 5 in Bows
  8813 | D:8      | Found an iron altar of Okawaru.
  8874 | D:8      | Found a deep blue altar of Sif Muna.
  9024 | D:8      | Found Cugy's Armour Emporium.
  9182 | D:8      | Found Buakiav's Armour Emporium.
  9305 | D:8      | Found a stormy altar of Qazlal.
  9310 | D:8      | Noticed a two-headed ogre
  9319 | D:8      | Killed a two-headed ogre
  9319 | D:8      | Reached skill level 11 in Axes
  9319 | D:8      | Reached XP level 10. HP: 78/86 MP: 9/9
  9380 | D:8      | Reached ***** piety under Trog
  9503 | D:9      | Received a gift from Trog
  9744 | D:9      | HP: 4/88 [killer bee (3)]
 10221 | D:9      | Noticed a two-headed ogre
 10227 | D:9      | Killed a two-headed ogre
 10227 | D:9      | Reached skill level 12 in Axes
 11028 | D:9      | Found a white marble altar of Elyvilon.
 11039 | D:9      | Found a shadowy altar of Dithmenos.
 11082 | D:9      | Found a hide-covered altar of Uskayaw.
 11086 | D:9      | Noticed a +0 dagger
 11086 | D:9      | Noticed a +0 hand axe
 11694 | D:9      | Reached XP level 11. HP: 69/95 MP: 10/10
 11766 | D:10     | Entered Level 10 of the Dungeon
 11787 | D:10     | Found a flagged portal.
 11810 | Bailey   | Entered a bailey
 11819 | Bailey   | Noticed an orc knight
 11845 | Bailey   | Noticed an orc knight
 11895 | Bailey   | Killed an orc knight
 11914 | Bailey   | Noticed an orc knight
 12134 | Bailey   | Killed an orc knight
 12197 | Bailey   | Killed an orc knight
 12790 | D:10     | Found a staircase to the Lair.
 12911 | D:10     | Reached skill level 10 in Bows
 13218 | D:11     | Noticed a purple ugly thing
 13218 | D:11     | Noticed a red ugly thing
 13220 | D:11     | Noticed a death knight
 13220 | D:11     | Noticed a phantasmal warrior
 13224 | D:11     | Noticed a phantasmal warrior
 13226 | D:11     | Noticed a skeletal warrior
 13229 | D:11     | Killed a red ugly thing
 13231 | D:11     | Noticed Harold
 13237 | D:10     | Killed a death knight
 13237 | D:10     | Killed a purple ugly thing
 13237 | D:10     | Reached skill level 13 in Axes
 13238 | D:10     | Slain by a phantasmal warrior

Vault maps used:
D:1:      lemuel_arrival_cross, minmay_rat_gold_closets
D:2:      chequers_ecumenical_altar_island
D:3:      kiku_gazebo_pond_becter, tso_altar, cheibrodos_ashenzari_chains,
          kennysheep_cross_room
D:4:      minmay_temple_entry_overgrown, grunt_ministairs_2
D:5:      first_ration, serial_shops, shop
D:6:      kennysheep_little_box, lemuel_doored_altar,
          nicolae_ossuary_entry_catacombs, serial_shops, shop, lemuel_tele_altar
D:7:      fiery_altar_vehumet, serial_shops, nicolae_shop_crystal, uniq_joseph
D:8:      tgw_sif, nicolae_qazlal_general_emergency, lemuel_crystal_altar,
          serial_shops, shop, shop, basic_altar
D:9:      kennysheep_steamy, dancing_weapons_uskayaw, minitemple, david_nohive_1
D:10:     dpeg_oklobed_lair, enter_bailey_3
D:11:     uniq_psyche, uniq_harold
Ossuary:  ossuary_tomb_3
Bailey:   bailey_axe_4, bailey

Skill      XL: |  1  2  3  4  5  6  7  8  9 10 11 |
---------------+----------------------------------+-----
Axes           | 4 5 6 7 9 11 12 13 | 13.1
Fighting       | 4 5 6 7 8 9 |  9.5
Armour         | 3 4 6 7 8 |  8.8
Dodging        | 3 4 5 |  5.7
Stealth        | 1 |  1.8
Bows           | 1 6 8 10 | 10.2

Action                   |  1- 3 |  4- 6 |  7- 9 | 10-12 || total
-------------------------+-------+-------+-------+-------++-------
Melee: Hand axe          |   107 |   123 |   375 |   172 ||   777
       Headbutt          |    14 |    20 |    91 |    55 ||   180
       War axe           |       |       |       |    54 ||    54
 Fire: Shortbow          |       |       |    91 |   134 ||   225
Invok: Berserk           |       |     2 |     3 |     6 ||    11
  Use: Scroll            |       |       |     8 |     7 ||    15
       Potion            |       |       |     1 |     7 ||     8
  Eat: Chunk             |     3 |     6 |    12 |     9 ||    30
       Ration            |       |       |     3 |     2 ||     5
Armor: Animal skin       |     6 |       |       |       ||     6
       Ring mail         |    19 |    39 |   141 |    78 ||   277
Dodge: Dodged            |    58 |    99 |   237 |   158 ||   552

Table legend:
 A = Non-vault XP
 B = Vault XP
 C = Vault XP percentage of total XP
 D = Non-vault monster count
 E = Vault monster count
 F = Vault count percentage of total count
                 A         B        C        D         E       F
            +---------+---------+-------+---------+---------+-------
      Total |   11206 |    5343 |  32.3 |     201 |      88 |  30.4
            +---------+---------+-------+---------+---------+-------
        D:1 |      34 |       8 |  19.0 |      17 |       8 |  32.0
        D:2 |      40 |       0 |   0.0 |      16 |       0 |   0.0
        D:3 |     174 |       0 |   0.0 |      22 |       0 |   0.0
        D:4 |     650 |      59 |   8.3 |      25 |       2 |   7.4
        D:5 |     398 |       0 |   0.0 |      13 |       0 |   0.0
        D:6 |     655 |     507 |  43.6 |      14 |      11 |  44.0
        D:7 |     988 |     466 |  32.0 |      22 |       1 |   4.3
        D:8 |    2378 |      35 |   1.5 |      38 |       1 |   2.6
        D:9 |    2932 |    1596 |  35.2 |      19 |      18 |  48.6
       D:10 |    2281 |       6 |   0.3 |      13 |       4 |  23.5
       D:11 |     676 |       0 |   0.0 |       2 |       0 |   0.0
    Ossuary |       0 |     149 | 100.0 |       0 |      16 | 100.0
     Bailey |       0 |    2517 | 100.0 |       0 |      27 | 100.0
            +---------+---------+-------+---------+---------+-------
